 Dungeon Crawl Stone Soup version 0.21.1-1-g345015f (webtiles) character file.

35905 nicolaieve the Severer (level 13, -4/118 HPs)
             Began as a Minotaur Berserker on July 2, 2018.
             Was a High Priest of Trog.
             Slain by a spiny frog (12 damage)
             ... on level 6 of the Lair of Beasts.
             The game lasted 01:06:38 (14690 turns).

nicolaieve the Severer (Minotaur Berserker)        Turns: 14690, Time: 01:06:38

Health: -4/118     AC: 17    Str: 27    XL:     13   Next: 50%
Magic:  0/12       EV:  8    Int:  4    God:    Trog [*****.]
Gold:   830        SH: 13    Dex: 10    Spells: 12/12 levels left

rFire    . . .     SeeInvis .   P - +1 broad axe (elec)
rCold    + . .     Gourm    .   O - +0 shield
rNeg     . . .     Faith    .   M - +0 plate armour
rPois    +         Spirit   +   (helmet restricted)
rElec    .         Reflect  .   (no cloak)
rCorr    .         Harm     .   (no gloves)
MR       ++...                  n - +0 pair of boots
Stlth    ..........             a - amulet of guardian spirit
HPRegen  1.29/turn              e - ring of poison resistance
MPRegen  0.13/turn              F - ring of protection from cold

@: about to teleport, berserk cooldown, regenerating, slowed, very slow
A: retaliatory headbutt, horns 2
a: Berserk, Trog's Hand, Brothers in Arms, Burn Spellbooks, Renounce Religion


You were on level 6 of the Lair of Beasts.
You worshipped Trog.
Trog was extremely pleased with you.
You were hungry.

You visited 2 branches of the dungeon, and saw 18 of its levels.

You collected 830 gold pieces.

Inventory:

Hand Weapons
 b - a +4 hand axe
 A - a +2 whip of electrocution
 E - a +0 war axe of chopping
 P - a +1 broad axe of electrocution (weapon)
Armour
 n - a +0 pair of boots (worn)
 M - a +0 plate armour (worn)
 O - a +0 shield (worn)
Jewellery
 a - an amulet of guardian spirit (around neck)
 e - a ring of poison resistance (left hand)
 F - a ring of protection from cold (right hand)
Wands
 g - a wand of disintegration (9)
 B - a wand of paralysis (27)
 J - a wand of iceblast (7)
Scrolls
 d - a scroll of silence {unknown}
 f - a scroll of immolation {unknown}
 h - 5 scrolls of teleportation
 j - 3 scrolls of magic mapping {unknown}
 k - 4 scrolls of enchant weapon {unknown}
 l - a scroll of acquirement {unknown}
 m - 2 scrolls of enchant armour {unknown}
 p - 8 scrolls of remove curse
 s - a scroll of fog {unknown}
 u - 4 scrolls of fear {unknown}
 y - 3 scrolls of amnesia {unknown}
 D - a scroll of torment {unknown}
 I - 2 scrolls of random uselessness {unknown}
 L - 2 scrolls of blinking {unknown}
Potions
 i - 5 potions of agility
 o - 2 potions of ambrosia
 q - 2 potions of brilliance
 r - 10 potions of curing
 t - 3 potions of lignification
 v - 2 potions of flight
 x - a potion of magic
 z - 2 potions of haste
 C - a potion of cancellation
 G - a potion of berserk rage {unknown}
Comestibles
 c - 15 rations
 K - 7 chunks of flesh


   Skills:
 + Level 12.0 Fighting
 * Level 17.7 Axes
 + Level 13.2 Armour
 - Level 2.1 Dodging
 + Level 11.1 Shields


You had 12 spell levels left.
You didn't know any spells.

Dungeon Overview and Level Annotations

Branches:
Dungeon (12/15)            Temple (0/1) D:4            Lair (6/6) D:11
  Swamp (0/4) Lair:4        Snake (0/4) Lair:3          Orc (0/2) D:9
  Slime: Lair:5-6

Altars:
Ashenzari
Dithmenos
Makhleb
Nemelex Xobeh
Okawaru
Qazlal
Sif Muna
Uskayaw
Vehumet
Wu Jian
Xom
Yredelemnul
The Shining One

Shops:
D:6 !   D:8 [

Annotations:
D:12 exclusion: oklob plant


Innate Abilities, Weirdness & Mutations

You reflexively headbutt those who attack you in melee.
You have a pair of horns on your head.


Message History

The eight-headed hydra bites you but does no damage.
The eight-headed hydra bites you.
* * * LOW HITPOINT WARNING * * *
The eight-headed hydra bites you but does no damage.
The eight-headed hydra barely misses you.
The eight-headed hydra bites you but does no damage.
The eight-headed hydra barely misses you.
You block the eight-headed hydra's attack.
Unknown command.
Your unstable footing causes you to fumble your attack.
The vampire mosquito closely misses you.
The black mamba splashes around in the water.
The vampire mosquito closely misses you.
You furiously retaliate!
You headbutt the vampire mosquito, but do no damage.
The bullfrog snags a nearby mouse with its tongue.
The blink frog blinks!
You block the blink frog's attack. The spiny frog closely misses you.
The bullfrog barely misses you. The vampire mosquito barely misses you.
The spiny frog stings you!
You die...

PF(%PP≈P##≈≈≈..
P[/PP.≈≈#≈≈P≈≈.
PPPP.≈≈≈#≈≈≈≈..
#PP.≈≈≈≈P≈≈≈...
#.≈≈≈≈≈≈≈≈≈≈...
#≈≈≈≈FwFF≈≈≈≈..
#≈≈≈≈FyDy≈≈≈PF.
≈≈≈≈≈FF@FF≈≈P.#
≈≈≈≈FFFFF≈≈≈..#
≈≈≈≈≈FSF≈≈≈.≈##
≈≈≈;≈≈≈P≈≈≈..#
≈≈≈≈≈≈≈≈≈≈≈.##
≈≈≈≈≈P≈≈≈.P≈#
≈≈≈≈≈≈≈...≈.#
≈≈≈.....≈P.P#


You could see an eight-headed hydra, a tyrant leech, a black mamba, 7 spiny
frogs, 4 blink frogs, 2 vampire mosquitoes, 6 bullfrogs and an electric eel.

Vanquished Creatures
  Gastronok (Lair:2)
  A dire elephant (Lair:4)
  The ghost of eyesofgods1 the Geomancer, a journeyman DEEE of Vehumet (D:10)
  3 hydras
  Fannar (D:10)
  A catoblepas (Lair:4)
  6 two-headed ogres
  2 death yaks (Lair:3)
  Sonja (D:11)
  2 unseen horrors (D:11)
  A manticore (D:11)
  3 elephants (Lair:4)
  Joseph (D:7)
  Psyche (D:9)
  4 black mambas
  4 molten gargoyles (D:11)
  9 spiny frogs
  A centaur skeleton (D:10)
  A torpor snail (Lair:3)
  A komodo dragon (Lair:2)
  The ghost of sking99 the Ruffian, an amateur TrMo (D:4)
  A troll (D:11)
  5 polar bears
  A hornet (D:8)
  6 hippogriffs
  14 blink frogs
  A shadow (D:11)
  3 wyverns
  6 yaks (Lair:3)
  A basilisk (Lair:4)
  2 hungry ghosts (D:11)
  7 water moccasins
  A naga (Lair:3)
  Duvessa (D:7)
  7 porcupines
  5 orc warriors
  4 black bears (Lair:3)
  2 ice beasts
  A sky beast (D:10)
  2 eyes of draining
  3 phantoms
  5 wolves
  8 ogres
  5 centaurs
  6 crocodiles
  Blork the orc (D:4)
  9 bullfrogs
  Dowan (D:7)
  6 scorpions
  A water moccasin skeleton (D:11)
  5 wights (D:8)
  2 electric eels (Lair:4)
  3 bullfrog zombies
  3 crimson imps
  A lava snake (D:11)
  A hound (D:9)
  7 orc priests
  6 jellies
  10 orc wizards
  A bullfrog skeleton (D:10)
  Jessica (D:2)
  4 iguanas
  9 worker ants
  A hound skeleton (D:4)
  Robin (D:2)
  8 adders
  2 shadow imps
  2 oozes
  An adder skeleton (D:8)
  2 worms
  A dart slug (D:5)
  4 leopard geckos
  40 orcs
  5 ball pythons
  7 giant cockroaches
  9 hobgoblins
  10 jackals
  12 kobolds
  2 quokkas (D:3)
  8 bats
  6 frilled lizards
  13 goblins
  A leopard gecko skeleton (D:4)
  A quokka skeleton (D:7)
  7 rats
  3 fungi
  A plant (D:11)
361 creatures vanquished.

Vanquished Creatures (others)
  A spiny frog (Lair:5)
  15 fungi
  5 plants (D:11)
  9 toadstools (Lair:4)
30 creatures vanquished.

Grand Total: 391 creatures vanquished

Notes
Turn   | Place    | Note
-------+----------+-------------------------------------------
     0 | D:1      | nicolaieve the Minotaur Berserker began the quest for the Orb.
     0 | D:1      | Reached XP level 1. HP: 19/19 MP: 0/0
    83 | D:1      | Reached skill level 4 in Axes
   137 | D:1      | Reached XP level 2. HP: 8/27 MP: 1/1
   653 | D:1      | Reached XP level 3. HP: 33/33 MP: 2/2
   821 | D:2      | Reached ** piety under Trog
   834 | D:2      | Found a faded altar of an unknown god.
   846 | D:2      | Reached skill level 5 in Axes
   905 | D:2      | Reached XP level 4. HP: 29/40 MP: 3/3
   941 | D:2      | Noticed Jessica
   948 | D:2      | Killed Jessica
  1127 | D:2      | Noticed Robin
  1135 | D:2      | Killed Robin
  1145 | D:2      | Reached skill level 6 in Axes
  1439 | D:2      | You fall through a shaft for 2 floors!
  1447 | D:4      | Reached XP level 5. HP: 39/47 MP: 4/4
  1634 | D:4      | Found a staircase to the Ecumenical Temple.
  1690 | D:4      | Found a shattered altar of Ashenzari.
  1706 | D:4      | Reached *** piety under Trog
  2579 | D:4      | Noticed Blork the orc
  2588 | D:4      | Killed Blork the orc
  2588 | D:4      | Reached skill level 7 in Axes
  2588 | D:4      | Reached XP level 6. HP: 53/53 MP: 5/5
  3085 | D:4      | Noticed sking99's ghost (amateur TrMo)
  3093 | D:4      | Killed sking99's ghost
  3093 | D:4      | Reached skill level 5 in Fighting
  3093 | D:4      | Reached skill level 8 in Axes
  3093 | D:4      | Reached XP level 7. HP: 61/61 MP: 6/6
  3364 | D:4      | Found an ornate altar of the Wu Jian Council.
  3364 | D:4      | Found a sparkling altar of Nemelex Xobeh.
  3390 | D:4      | Found a shimmering altar of Xom.
  3390 | D:4      | Found a hide-covered altar of Uskayaw.
  3390 | D:4      | Found a shadowy altar of Dithmenos.
  3390 | D:4      | Found an iron altar of Okawaru.
  3391 | D:4      | Found a radiant altar of Vehumet.
  3392 | D:4      | Found a stormy altar of Qazlal.
  3442 | D:5      | Entered Level 5 of the Dungeon
  3794 | D:5      | Reached skill level 9 in Axes
  3794 | D:5      | Reached skill level 5 in Armour
  3805 | D:5      | Found a deep blue altar of Sif Muna.
  4628 | D:6      | Reached XP level 8. HP: 67/69 MP: 7/7
  4670 | D:6      | Reached skill level 10 in Axes
  4677 | D:6      | Reached **** piety under Trog
  4978 | D:6      | Found Leminlea's Distillery.
  5325 | D:7      | Reached skill level 1 in Shields
  5377 | D:7      | Reached skill level 11 in Axes
  5411 | D:7      | Found a basalt altar of Yredelemnul.
  5413 | D:7      | Noticed a profane servitor
  5431 | D:7      | Found a glowing golden altar of the Shining One.
  5433 | D:7      | Noticed an angel
  5790 | D:7      | Reached XP level 9. HP: 77/77 MP: 8/8
  5899 | D:7      | Found a shadowy altar of Dithmenos.
  6116 | D:7      | Noticed Dowan
  6116 | D:7      | Noticed Joseph
  6119 | D:7      | Noticed Duvessa
  6163 | D:7      | Killed Duvessa
  6163 | D:7      | Killed Joseph
  6165 | D:7      | Killed Dowan
  6165 | D:7      | Reached skill level 12 in Axes
  6840 | D:8      | Noticed a two-headed ogre
  6848 | D:8      | Killed a two-headed ogre
  6875 | D:8      | Reached XP level 10. HP: 66/88 MP: 9/9
  7080 | D:8      | Noticed a two-headed ogre
  7085 | D:8      | Killed a two-headed ogre
  7085 | D:8      | Reached skill level 13 in Axes
  7085 | D:8      | Reached skill level 5 in Shields
  7216 | D:8      | Found Jiduh's Antique Armour Shoppe.
  7337 | D:10     | Entered Level 10 of the Dungeon
  7382 | D:9      | Noticed Psyche
  7392 | D:9      | Killed Psyche
  7414 | D:9      | Found a staircase to the Orcish Mines.
  7580 | D:9      | Found a burning altar of Makhleb.
  7986 | D:10     | Noticed eyesofgods1's ghost (journeyman DEEE)
  8339 | D:10     | Killed eyesofgods1's ghost
  8376 | D:10     | Reached skill level 14 in Axes
  8817 | D:10     | Noticed Fannar
  8820 | D:10     | Killed Fannar
  8910 | D:10     | Reached XP level 11. HP: 97/97 MP: 10/10
  9200 | D:11     | Reached skill level 10 in Armour
  9202 | D:11     | Reached ***** piety under Trog
  9455 | D:11     | Noticed a two-headed ogre
  9460 | D:11     | Killed a two-headed ogre
  9502 | D:11     | Reached skill level 15 in Axes
  9532 | D:11     | Noticed a two-headed ogre
  9538 | D:11     | Killed a two-headed ogre
  9540 | D:11     | Noticed Sonja
  9552 | D:11     | Noticed a two-headed ogre
  9750 | D:12     | Noticed an oklob plant
  9813 | D:11     | Noticed a two-headed ogre
  9826 | D:11     | Killed a two-headed ogre
  9871 | D:11     | Killed Sonja
 10263 | D:11     | Killed an unseen horror
 10263 | D:11     | Reached skill level 10 in Fighting
 10275 | D:11     | Killed an unseen horror
 10275 | D:11     | Reached skill level 16 in Axes
 10285 | D:11     | Found a staircase to the Lair.
 10360 | D:11     | Killed a two-headed ogre
 10360 | D:11     | Reached XP level 12. HP: 74/106 MP: 9/11
 10624 | Lair:1   | Entered Level 1 of the Lair of Beasts
 10730 | Lair:1   | Noticed a seven-headed hydra
 10738 | Lair:1   | Killed a seven-headed hydra
 11501 | Lair:1   | You fall through a shaft!
 11532 | Lair:2   | Received a gift from Trog
 11979 | Lair:2   | Noticed Gastronok
 11999 | Lair:2   | Killed Gastronok
 12308 | Lair:3   | Noticed a six-headed hydra
 12317 | Lair:3   | Killed a six-headed hydra
 12352 | Lair:3   | Reached skill level 17 in Axes
 12472 | Lair:3   | Found a staircase to the Snake Pit.
 12557 | Lair:3   | Noticed a death yak
 12564 | Lair:3   | Killed a death yak
 12566 | Lair:3   | Noticed a death yak
 12581 | Lair:3   | Killed a death yak
 12581 | Lair:3   | Reached skill level 10 in Shields
 12581 | Lair:3   | Reached XP level 13. HP: 88/116 MP: 8/12
 13009 | Lair:4   | Found a staircase to the Swamp.
 13487 | Lair:4   | Found a runed door.
 14500 | Lair:4   | Noticed a dire elephant
 14538 | Lair:4   | Killed a dire elephant
 14675 | Lair:6   | Entered Level 6 of the Lair of Beasts
 14690 | Lair:6   | Slain by a spiny frog

Skill      XL: |  1  2  3  4  5  6  7  8  9 10 11 12 13 |
---------------+----------------------------------------+-----
Axes           | 4 5 6 7 8 9 11 12 14 16 17 | 17.7
Fighting       | 4 5 6 7 9 10 11 12 | 12.0
Armour         | 3 4 5 6 8 9 11 12 13 | 13.2
Shields        | 2 4 6 8 10 11 | 11.1
Dodging        | |  2.1

Action                   |  1- 3 |  4- 6 |  7- 9 | 10-12 | 13-15 || total
-------------------------+-------+-------+-------+-------+-------++-------
Melee: Hand axe          |    69 |   139 |   188 |   202 |       ||   598
       Headbutt          |     7 |    33 |    35 |   121 |    57 ||   253
       War axe           |       |       |       |   267 |   168 ||   435
       Whip              |       |       |       |    10 |    13 ||    23
       Broad axe         |       |       |       |       |    13 ||    13
Invok: Berserk           |       |     3 |     5 |    18 |     3 ||    29
       Burn Spellbooks   |       |       |     1 |     1 |     1 ||     3
       Trog's Hand       |       |       |       |     3 |     2 ||     5
  Use: Scroll            |       |     1 |     2 |    11 |     5 ||    19
       Potion            |       |       |       |     2 |     2 ||     4
  Eat: Chunk             |       |     9 |    17 |    31 |     7 ||    64
       Ration            |       |       |       |     2 |     1 ||     3
Armor: Ring mail         |    30 |    26 |       |       |       ||    56
       Animal skin       |     3 |       |       |       |       ||     3
       Chain mail        |       |     6 |    54 |    95 |       ||   155
       Plate armour      |       |       |       |   129 |   129 ||   258
Dodge: Dodged            |    55 |    58 |    47 |   132 |    81 ||   373
Block: Buckler           |       |       |    14 |   107 |       ||   121
       Shield            |       |       |       |    15 |   134 ||   149
